 Dungeon Crawl Stone Soup version 0.32-a0-543-gefe97123c3 (webtiles) character file.

Game seed: 9388817811974951229

17501 dasufuraisu the Blocker (level 12, -9/95 HPs)
             Began as a Gnoll Wanderer on Feb 29, 2024.
             Mangled by a hog (11 damage)
             ... led by Kirke
             ... on level 2 of the Lair of Beasts.
             The game lasted 00:51:00 (11895 turns).

dasufuraisu the Blocker (Gnoll Wanderer)           Turns: 11895, Time: 00:51:00

Health: -9/95      AC:  0    Str: 19    XL:     12   Next: 48%
Magic:  0/23       EV: 17    Int:  8    God:
Gold:   653        SH:  0    Dex: 13    Spells: 16/26 levels left

rFire   . . .        r - melded +10 spear "Kagez" {venom, rF+ Int+3 Dex+4}
rCold   . . .        b - melded +2 buckler
rNeg    . . .        v - melded +0 swamp dragon scales
rPois   .            (helmet currently unavailable)
rElec   .            K - melded +1 cloak
rCorr   .            u - melded +0 pair of gloves {Stlth+}
SInv    .            x - melded +0 pair of boots
Will    .....        B - amulet of guardian spirit
Stlth   ++++         N - melded +6 ring of strength
HPRegen 0.35/turn    s - melded +4 ring of slaying
MPRegen 0.18/turn

%: guardian spirit
@: pig-form (expiring), very quick
A: fast, no casting, small, (fangs 1), strong nose, distributed training
a: no special abilities


You were on level 2 of the Lair of Beasts.
You were a filthy swine.
You visited 2 branches of the dungeon, and saw 12 of its levels.

You collected 683 gold pieces.
You spent 30 gold pieces at shops.

Inventory:

Hand Weapons
 a - a +0 mace
 m - the +7 whip of Harikkiw {freeze, Str+4}
   (You took it off a kobold on level 2 of the Dungeon)

   Str+4:     It affects your strength (+4).
 r - the +10 spear "Kagez" (melded) {venom, rF+ Int+3 Dex+4}
   (You found it on level 3 of the Dungeon)

   Int+3:     It affects your intelligence (+3).
   Dex+4:     It affects your dexterity (+4).
   rF+:       It protects you from fire.
 D - a +0 orcbow
 H - a +0 sling
Missiles
 V - a throwing net
Armour
 b - a +2 buckler (melded)
 c - a +0 ring mail
 u - a +0 pair of gloves of stealth (melded)
 v - +0 swamp dragon scales (melded)
 x - a +0 pair of boots (melded)
 K - a +1 cloak (melded)
Jewellery
 l - a ring of poison resistance
 s - a +4 ring of slaying (melded)
 B - an amulet of guardian spirit (around neck)
 I - a ring of resist corrosion
 N - a +6 ring of strength (melded)
 O - an amulet of regeneration
 P - a ring of protection from fire
 Q - an amulet of magic regeneration
Wands
 G - a wand of polymorph (6)
 R - a wand of paralysis (8)
 T - a wand of mindburst (6)
Scrolls
 d - 2 scrolls of silence
 f - 3 scrolls of vulnerability {unknown}
 g - a scroll of enchant weapon {unknown}
 h - 6 scrolls of teleportation {unknown}
 i - 6 scrolls of identify {unknown}
 j - a scroll of fear {unknown}
 k - a scroll of acquirement {unknown}
 p - a scroll of torment {unknown}
 q - 2 scrolls of enchant armour {unknown}
 t - 2 scrolls of noise {unknown}
 w - 2 scrolls of poison {unknown}
 y - 3 scrolls of fog {unknown}
 C - 2 scrolls of revelation {unknown}
 F - 4 scrolls of immolation {unknown}
Potions
 e - 3 potions of invisibility {unknown}
 n - 4 potions of mutation {unknown}
 o - 5 potions of enlightenment {unknown}
 z - 2 potions of attraction {unknown}
 A - a potion of resistance {unknown}
 E - 2 potions of lignification {unknown}
 J - a potion of berserk rage {unknown}
 L - a potion of haste {unknown}
 M - 2 potions of ambrosia {unknown}
 S - a potion of degeneration {unknown}
 U - a potion of magic {unknown}
 W - 2 potions of curing
 X - a potion of heal wounds {unknown}


   Skills:
 + Level 9.0 Fighting
 + Level 7.6 Short Blades
 + Level 7.6 Long Blades
 + Level 7.6 Axes
 + Level 8.1 Maces & Flails
 + Level 7.6 Polearms
 + Level 7.6 Staves
 + Level 7.6 Ranged Weapons
 + Level 7.6 Throwing
 + Level 10.1 Armour
 + Level 7.6 Dodging
 + Level 7.6 Stealth
 + Level 10.1 Shields
 + Level 7.6 Unarmed Combat
 + Level 7.6 Spellcasting
 + Level 6.3 Conjurations
 + Level 6.3 Hexes
 + Level 6.3 Summonings
 + Level 6.3 Necromancy
 + Level 6.3 Translocations
 + Level 6.3 Fire Magic
 + Level 6.3 Ice Magic
 + Level 6.3 Air Magic
 + Level 6.3 Earth Magic
 + Level 6.3 Alchemy
 + Level 8.3 Invocations
 + Level 8.1 Evocations
 + Level 6.9 Shapeshifting


You had 16 spell levels left.
You knew the following spells:

 Your Spells              Type           Power      Damage    Failure   Level
a - Freeze                Ice            52%        1d6       1%          1
b - Necrotise             Necr           52%        1d6       1%          1
c - Lesser Beckoning      Tloc           26%        N/A       2%          2
d - Apportation           Tloc           26%        N/A       1%          1
e - Magic Dart            Conj           52%        1d5       1%          1
f - Blink                 Tloc           26%        N/A       2%          2
g - Jinxbite              Hex            26%        N/A       2%          2

Your spell library contained the following spells:

 Spells                   Type           Power      Damage    Failure   Level
 Call Imp                 Summ           26%        N/A       2%          2
 Frozen Ramparts          Ice            26%        1d4       4%          3
 Fugue of the Fallen      Necr           13%        N/A       4%          3
 Gell's Gravitas          Tloc           13%        N/A       4%          3
 Hailstorm                Conj/Ice       13%        3d6       4%          3
 Inner Flame              Hex/Fire       13%        N/A       4%          3
 Ozocubu's Armour         Ice            13%        N/A       4%          3
 Teleport Other           Tloc           13%        N/A       4%          3
 Vampiric Draining        Necr           13%        2d6       4%          3
 Volatile Blastmotes      Fire/Tloc      26%        2d12      4%          3
 Flame Wave               Conj/Fire      13%        2d6       16%         4
 Fulminant Prism          Conj/Alch      6%         3d7       16%         4
 Iskenderun's Mystic Bla  Conj/Tloc      13%        2d5       16%         4
 Leda's Liquefaction      Alch/Erth      6%         N/A       16%         4
 Manifold Assault         Tloc           13%        N/A       16%         4
 Martyr's Knell           Necr/Summ      13%        N/A       16%         4
 Petrify                  Alch/Erth      13%        N/A       16%         4
 Sticky Flame             Fire/Alch      13%        2d5       16%         4
 Vhi's Electric Charge    Tloc/Air       26%        N/A       16%         4
 Alistair's Intoxication  Alch           8%         N/A       38%         5
 Arcjolt                  Conj/Air       6%         1d16      38%         5
 Curse of Agony           Necr           13%        N/A       38%         5
 Metabolic Englaciation   Hex/Ice        6%         N/A       38%         5
 Plasma Beam              Fire/Air       6%         2x1d17    93%         6
 Maxwell's Capacitive Co  Air            6%         ∞         100%        8


Dungeon Overview and Level Annotations

Branches:
Dungeon (8/15)             Temple (0/1) D:4            Lair (4/5) D:8
  Swamp (0/4) Lair:2        Snake (0/4) Lair:2
  Slime: Lair:4-5

Altars:
Cheibriados
Makhleb
Yredelemnul
Zin

Shops:
D:3 !   D:5 =

Annotations:
Lair:2 exclusion: oklob plant
Lair:4 Kirke


Innate Abilities, Weirdness & Mutations

You are a filthy swine.
You move quickly.
Your equipment is almost entirely melded.
You are incapable of wielding weapons or throwing items.
You cannot cast spells.
((You have very sharp teeth.))
Your uncanny sense of smell can sniff out nearby items.
Your experience applies equally to all skills.


Message History

You closely miss the hog.
The hog is severely wounded.
The hog bites you!
* * * LOW HITPOINT WARNING * * *
The hog closely misses you. The hog bites you.
* * * LOW HITPOINT WARNING * * *
The hog barely misses you. The hog completely misses you. The hog bites you.
* * * LOW HITPOINT WARNING * * *
The hog attacks as it pursues you! The hog bites you!
* * * LOW HITPOINT WARNING * * *
The hog bites the fungus.
The fungus begins to die.
The hog attacks as it pursues you! The hog closely misses you.
A nearby fungus withers and dies.
Sorry, you're not good enough to have a special ability.
You can't do that in your present form.
The hog attacks as it pursues you! The hog bites you.
* * * LOW HITPOINT WARNING * * *
The hog attacks as it pursues you! The hog bites you!
* * * LOW HITPOINT WARNING * * *
There is a stone staircase leading up here.
There are no items here.
Your transformation is almost over.
The hog barely misses you. The hog bites you.
* * * LOW HITPOINT WARNING * * *
The hog misses you.
You climb upwards.
Level annotation: exclusion: oklob plant
There is a stone staircase leading down here.
There are monsters nearby!
Unknown command.
There are monsters nearby!
There are monsters nearby!
The hog misses you. The hog attacks as it pursues you!
The hog barely misses you. The hog attacks as it pursues you!
The hog closely misses you. The hog bites you!
You die...

.## ##....~~≈....# ##..# .#
#####..~~~≈≈≈≈~.## #P... ##
#.#P#..~≈≈≈≈≈≈≈.### ###..#. #
#...#.~~~≈≈≈≈≈~~..# #...... .
###.....~≈≈≈~~≈≈≈.÷.# #...<..
(##.#......~≈~.~≈~~...#####......
(..#.....#.~~..>.~....÷##........
#####....##...hh...÷....#.#......
####....####.#..h.........#......
........# ###.........###.......
##....#.# #####...### ##......
##....## #.### #.#.#.. ###.##
##.# ####†.. #####'######### #P.#
##<. .......##..#..###..#### ###
#..................##÷#### ####
#.......######.(.........#####.#P


You could see 2 hogs.

Vanquished Creatures
  A catoblepas (Lair:3)
  A skyshark (Lair:2)
  A swamp dragon (Lair:2)
  The ghost of koorschki the Insei, a novice DsSh of Ashenzari (D:6)
  9 elephants
  4 black mambas
  4 cane toads
  5 komodo dragons
  A rime drake (Lair:3)
  2 polar bears
  8 blink frogs
  Sigmund (D:6)
  10 yaks
  3 hogs (Lair:4)
  3 basilisks
  11 water moccasins
  An orc warrior (D:7)
  An ogre (D:6)
  A phantom (D:5)
  3 centaurs
  2 kobold brigands
  8 bullfrogs
  3 scorpions
  8 wights
  10 killer bees
  2 bombardier beetles
  Crazy Yiuf (D:5)
  An orc priest (D:3)
  2 gnoll boudas
  2 hounds
  3 jellies (D:7)
  A sleepcap (D:3)
  4 iguanas
  Ijyb (D:5)
  5 orc wizards
  Robin (D:2)
  10 gnolls
  15 adders
  A white imp (D:7)
  6 ufetubi
  3 ribbon worms
  6 dart slugs
  19 orcs
  6 ball pythons
  5 endoplasms
  4 giant cockroaches
  14 goblins
  10 hobgoblins
  2 quokkas (D:2)
  4 bats
  4 frilled lizards
  15 kobolds
  2 rats
251 creatures vanquished.

Notes
Turn   | Place    | Note
-------+----------+-------------------------------------------
     0 | D:1      | dasufuraisu the Gnoll Wanderer began the quest for the Orb.
     0 | D:1      | dasufuraisu set off with the following items: a +0 mace, a
                  | +2 buckler, a +0 ring mail, a scroll of silence.
     0 | D:1      | Reached XP level 1. HP: 20/20 MP: 1/1
   151 | D:1      | Reached XP level 2. HP: 26/26 MP: 2/2
   454 | D:1      | Reached XP level 3. HP: 30/31 MP: 3/3
   808 | D:2      | Reached skill level 1 in Invocations
   905 | D:2      | Reached skill level 1 in Short Blades
   905 | D:2      | Reached skill level 1 in Long Blades
   905 | D:2      | Reached skill level 1 in Axes
   905 | D:2      | Reached skill level 1 in Polearms
   905 | D:2      | Reached skill level 1 in Staves
   905 | D:2      | Reached skill level 1 in Ranged Weapons
   905 | D:2      | Reached skill level 1 in Throwing
   905 | D:2      | Reached skill level 1 in Dodging
   905 | D:2      | Reached skill level 1 in Stealth
   905 | D:2      | Reached skill level 1 in Unarmed Combat
   905 | D:2      | Reached skill level 1 in Spellcasting
   950 | D:2      | Reached skill level 1 in Shapeshifting
   950 | D:2      | Reached XP level 4. HP: 18/38 MP: 5/5
  1151 | D:2      | Identified the +7 whip of Harikkiw {freeze, Str+4}
  1160 | D:2      | Reached skill level 1 in Conjurations
  1160 | D:2      | Reached skill level 1 in Hexes
  1160 | D:2      | Reached skill level 1 in Summonings
  1160 | D:2      | Reached skill level 1 in Necromancy
  1160 | D:2      | Reached skill level 1 in Translocations
  1160 | D:2      | Reached skill level 1 in Fire Magic
  1160 | D:2      | Reached skill level 1 in Ice Magic
  1160 | D:2      | Reached skill level 1 in Air Magic
  1160 | D:2      | Reached skill level 1 in Earth Magic
  1160 | D:2      | Reached skill level 1 in Alchemy
  1285 | D:2      | Noticed Robin
  1294 | D:2      | Killed Robin
  1469 | D:2      | Reached XP level 5. HP: 34/43 MP: 5/7
  1519 | D:2      | Found a basalt altar of Yredelemnul.
  2195 | D:3      | Reached XP level 6. HP: 50/50 MP: 8/8
  2231 | D:3      | Reached skill level 5 in Fighting
  2232 | D:3      | Identified the +10 spear "Kagez" {venom, rF+ Int+3 Dex+4}
  2699 | D:3      | Found Qiti's Distillery.
  2705 | D:3      | Bought a potion of curing for 30 gold pieces
  3074 | D:4      | Found a staircase to the Ecumenical Temple.
  3321 | D:4      | Found a burning altar of Makhleb.
  3441 | D:4      | Reached XP level 7. HP: 38/55 MP: 10/10
  3674 | D:5      | Entered Level 5 of the Dungeon
  4044 | D:5      | Noticed Ijyb
  4057 | D:5      | Killed Ijyb
  4200 | D:5      | Reached XP level 8. HP: 58/63 MP: 12/12
  4508 | D:5      | Found Peanana's Jewellery Shop.
  4693 | D:5      | Found a runed translucent door.
  4694 | D:5      | Noticed Crazy Yiuf
  4738 | D:5      | Killed Crazy Yiuf
  4884 | D:6      | Identified the +6 trident of Irrepressible Laughter {heavy,
                  | rN++}
  4894 | D:6      | Noticed Sigmund
  4903 | D:6      | Killed Sigmund
  5217 | D:6      | Found a large runed translucent door.
  5217 | D:6      | Found a large runed translucent door.
  5219 | D:6      | Noticed koorschki's ghost (novice DsSh)
  5547 | D:6      | Reached XP level 9. HP: 64/69 MP: 14/14
  5751 | D:6      | Killed koorschki's ghost
  5752 | D:6      | Reached skill level 5 in Maces & Flails
  5752 | D:6      | Reached skill level 5 in Evocations
  5990 | D:7      | Identified the +2 robe of the Dull God {rF+}
  6137 | D:7      | Found a glowing silver altar of Zin.
  6137 | D:7      | Found a snail-covered altar of Cheibriados.
  6165 | D:7      | Reached skill level 5 in Invocations
  6835 | D:8      | Learned a level 1 spell: Freeze
  6837 | D:8      | Learned a level 1 spell: Necrotise
  6840 | D:8      | Learned a level 2 spell: Lesser Beckoning
  6892 | D:8      | Identified the +2 sling of Defenestration {heavy, rCorr
                  | Str+2}
  7282 | D:8      | Reached skill level 5 in Short Blades
  7282 | D:8      | Reached skill level 5 in Long Blades
  7282 | D:8      | Reached skill level 5 in Axes
  7282 | D:8      | Reached skill level 5 in Polearms
  7282 | D:8      | Reached skill level 5 in Staves
  7282 | D:8      | Reached skill level 5 in Ranged Weapons
  7282 | D:8      | Reached skill level 5 in Throwing
  7282 | D:8      | Reached skill level 5 in Dodging
  7282 | D:8      | Reached skill level 5 in Stealth
  7282 | D:8      | Reached skill level 5 in Unarmed Combat
  7282 | D:8      | Reached skill level 5 in Spellcasting
  7282 | D:8      | Reached XP level 10. HP: 77/77 MP: 17/17
  7351 | D:8      | Found a staircase to the Lair.
  7374 | Lair:1   | Entered Level 1 of the Lair of Beasts
  7634 | Lair:1   | Reached skill level 5 in Shapeshifting
  7733 | Lair:1   | Noticed a black mamba
  7741 | Lair:1   | Noticed a cane toad
  7743 | Lair:1   | Killed a black mamba
  7770 | Lair:1   | Killed a cane toad
  7898 | Lair:1   | Reached skill level 5 in Conjurations
  7898 | Lair:1   | Reached skill level 5 in Hexes
  7898 | Lair:1   | Reached skill level 5 in Summonings
  7898 | Lair:1   | Reached skill level 5 in Necromancy
  7898 | Lair:1   | Reached skill level 5 in Translocations
  7898 | Lair:1   | Reached skill level 5 in Fire Magic
  7898 | Lair:1   | Reached skill level 5 in Ice Magic
  7898 | Lair:1   | Reached skill level 5 in Air Magic
  7898 | Lair:1   | Reached skill level 5 in Earth Magic
  7898 | Lair:1   | Reached skill level 5 in Alchemy
  7954 | Lair:1   | Noticed a black mamba
  7971 | Lair:1   | Killed a black mamba
  7972 | Lair:1   | Reached XP level 11. HP: 62/85 MP: 16/20
  8396 | Lair:1   | Learned a level 1 spell: Apportation
  8398 | Lair:1   | Learned a level 1 spell: Magic Dart
  8401 | Lair:1   | Learned a level 2 spell: Blink
  8404 | Lair:1   | Learned a level 2 spell: Jinxbite
  9028 | Lair:2   | Found a staircase to the Snake Pit.
  9053 | Lair:2   | HP: 4/86 [poisoned by a water moccasin]
  9755 | Lair:2   | Noticed a skyshark
  9766 | Lair:2   | Killed a skyshark
 10056 | Lair:2   | Noticed an oklob plant
 10108 | Lair:2   | Found a staircase to the Swamp.
 10108 | Lair:2   | Noticed a swamp dragon
 10185 | Lair:2   | Killed a swamp dragon
 10197 | Lair:2   | Reached XP level 12. HP: 19/94 MP: 20/22
 10714 | Lair:3   | Noticed a catoblepas
 10742 | Lair:3   | Killed a catoblepas
 11153 | Lair:3   | Reached skill level 10 in Armour
 11153 | Lair:3   | Reached skill level 10 in Shields
 11815 | Lair:4   | Noticed Kirke
 11880 | Lair:3   | HP: 1/95 [hog[Kirke] (10)]
 11891 | Lair:3   | HP: 1/95 [hog[Kirke] (3)]
 11895 | Lair:2   | Mangled by a hog

Illustrated notes

Levels and vault maps discovered:
D:1:      minmay_arrival_arboretum_small, layout_rooms, minmay_distorted
D:2:      minmay_razor_zed, layout_basic, basic_altar, uniq_robin
D:3:      layout_basic, serial_shops, nicolae_shop_behind_doors,
          kennysheep_generic_room_13
D:4:      layout_loops_cross, lightli_temple_of_fire, minmay_temple_entry_waves,
          serial_glass, glass_columns_a, glass_columns_b,
          roderic_cross_of_infinity
D:5:      layout_basic, serial_shops, nicolae_shop_peninsula, uniq_ijyb,
          uniq_crazy_yiuf_cottage
D:6:      layout_loops_ring, ebering_ghost_disaster_area, uniq_sigmund
D:7:      layout_basic, gammafunk_temple_overflow_pools
D:8:      layout_basic, david_lair_shrubbed
Lair:1:   layout_misc_corridors
Lair:2:   layout_roguey, mainiacjoe_swamp_entry_lozenge_pond,
          minmay_snake_entry_six_corridors, minmay_lair_oklob_items,
          st_stairs_13, infiniplex_staircase_pool, lemuel_fruit_tree
Lair:3:   layout_regular_city
Lair:4:   layout_hall_layers, nicolae_slime_entry_slimehenge,
          guppyfry_lair_drakes, uniq_kirke

Skill      XL: |  1  2  3  4  5  6  7  8  9 10 11 12 |
---------------+-------------------------------------+-----
Invocations    | 1 2 3 4 5 6 7 8 |  8.3
Short Blades   | 1 2 3 5 6 7 |  7.6
Long Blades    | 1 2 3 5 6 7 |  7.6
Axes           | 1 2 3 5 6 7 |  7.6
Polearms       | 1 2 3 5 6 7 |  7.6
Staves         | 1 2 3 5 6 7 |  7.6
Ranged Weapons | 1 2 3 5 6 7 |  7.6
Throwing       | 1 2 3 5 6 7 |  7.6
Dodging        | 1 2 3 5 6 7 |  7.6
Stealth        | 1 2 3 5 6 7 |  7.6
Unarmed Combat | 1 2 3 5 6 7 |  7.6
Spellcasting   | 1 2 3 5 6 7 |  7.6
Shapeshifting  | 1 2 3 4 5 6 |  6.9
Conjurations   | 1 2 3 4 5 6 |  6.3
Hexes          | 1 2 3 4 5 6 |  6.3
Summonings     | 1 2 3 4 5 6 |  6.3
Necromancy     | 1 2 3 4 5 6 |  6.3
Translocations | 1 2 3 4 5 6 |  6.3
Fire Magic     | 1 2 3 4 5 6 |  6.3
Ice Magic      | 1 2 3 4 5 6 |  6.3
Air Magic      | 1 2 3 4 5 6 |  6.3
Earth Magic    | 1 2 3 4 5 6 |  6.3
Alchemy        | 1 2 3 4 5 6 |  6.3
Maces & Flails | 3 4 5 6 7 8 |  8.1
Evocations     | 3 4 5 6 7 8 |  8.1
Fighting       | 5 6 7 8 9 |  9.0
Armour         | 7 8 9 10 | 10.1
Shields        | 7 8 9 10 | 10.1

Action                     |  1- 3 |  4- 6 |  7- 9 | 10-12 || total
---------------------------+-------+-------+-------+-------++-------
  Melee: Mace              |   140 |    21 |       |       ||   161
         Bite              |    13 |    13 |    34 |    54 ||   114
         Whip              |       |    63 |       |       ||    63
         Spear             |       |    63 |   277 |   352 ||   692
         Unarmed           |       |       |     7 |     8 ||    15
   Cast: Freeze            |       |       |     2 |     3 ||     5
         Blink             |       |       |       |     2 ||     2
         Necrotise         |       |       |       |     1 ||     1
  Evoke: Wand              |       |       |       |     1 ||     1
    Use: Potion            |       |       |       |     4 ||     4
   Stab: Sleeping          |       |     1 |     1 |     3 ||     5
         Confused          |       |       |     1 |       ||     1
         Distracted        |       |       |     2 |     2 ||     4
 Armour: Ring mail         |   101 |    75 |   120 |   127 ||   423
         Skin              |       |       |     1 |    18 ||    19
         Swamp dragon scal |       |       |       |    89 ||    89
  Dodge: Dodged            |    51 |    55 |   106 |   220 ||   432
  Block: Buckler           |    49 |    59 |   113 |   135 ||   356

Table legend: (Time is in decaauts)
 A = Elapsed time spent in this place.
 B = Non-inter-level travel time spent in this place.
 C = Inter-level travel time spent in this place.
 D = Time resting spent in this place.
 E = Time spent auto-exploring this place.
 F = Levels seen in this place.
 G = Mean time per level.
                   A        B        C        D        E       F      G
               +--------+--------+--------+--------+--------+-----+--------+
         Total |  11851 |  11820 |     31 |   1319 |   7620 |  12 |  987.6 |
       Dungeon |   7402 |   7371 |     31 |    293 |   5172 |   8 |  925.2 |
          Lair |   4449 |   4449 |      0 |   1026 |   2447 |   4 | 1112.2 |
               +--------+--------+--------+--------+--------+-----+--------+

Top non-repeatable levels by time:
  Lair:1: 1778 daAuts
     D:2: 1568 daAuts
  Lair:2: 1420 daAuts
     D:5: 1117 daAuts
     D:6: 1075 daAuts
  Lair:3: 1035 daAuts
     D:7: 939 daAuts
     D:4: 827 daAuts
     D:3: 688 daAuts
     D:1: 639 daAuts
     D:8: 546 daAuts
  Lair:4: 214 daAuts
